 Dungeon Crawl Stone Soup version 0.29.1-1-gd02db6906a (webtiles) character file.

Game seed: 1060745868932343377

550 LustLizard the Sneak (level 7, -1/35 HPs)
             Began as a Spriggan Arcane Marksman on Sept 26, 2022.
             Killed by divine providence
             ... invoked by an orc priest
              (12 damage)
             ... on level 5 of the Dungeon.
             The game lasted 00:09:05 (4889 turns).

LustLizard the Sneak (Spriggan Arcane Marksman)     Turns: 4889, Time: 00:09:06

Health: -1/35      AC:  3    Str:  6    XL:     7   Next: 7%
Magic:  10/10      EV: 17    Int: 15    God:
Gold:   190        SH:  0    Dex: 17    Spells: 4/8 levels left

rFire   . . .      SeeInvis +   a - +1 sling
rCold   . . .      Faith    .   (no shield)
rNeg    . . .      Spirit   .   c - +0 robe
rPois   .          Reflect  .   r - +1 hat
rElec   .          Harm     .   o - scarf {+Inv}
rCorr   .          Rampage  .   (gloves unavailable)
Will    +....                   (boots unavailable)
Stlth   +++.......              (no amulet)
HPRegen 0.11/turn               (no ring)
MPRegen 0.12/turn               (no ring)

@: very quick
A: very small, no large weapons, unfitting armour, see invisible, speed 3
a: Evoke Invisibility


You were on level 5 of the Dungeon.
You visited 1 branch of the dungeon, and saw 5 of its levels.

You collected 190 gold pieces.

Inventory:

Hand Weapons
 a - a +1 sling (weapon)
Armour
 c - a +0 robe (worn)
 j - a +0 cloak
 o - a scarf of invisibility (worn)
 r - a +1 hat (worn)
Scrolls
 b - a scroll of poison
 d - a scroll of magic mapping
 f - 3 scrolls of teleportation
 g - a scroll of immolation {unknown}
 h - a scroll of butterflies {unknown}
 l - a scroll of enchant weapon {unknown}
 m - a scroll of identify {unknown}
 p - 2 scrolls of blinking {unknown}
 s - a scroll of fear {unknown}
Potions
 e - a potion of mutation {unknown}
 i - a potion of haste {unknown}
 k - 3 potions of heal wounds {unknown}
 n - 3 potions of brilliance {unknown}
 q - 2 potions of degeneration {unknown}


   Skills:
 + Level 2.1 Fighting
 * Level 4.2 Ranged Weapons
 - Level 2.6 Dodging
 * Level 5.9 Stealth
 - Level 1.3 Spellcasting
 - Level 4.0 Hexes
 - Level 4.0 Translocations
 * Level 3.4 Evocations


You had 4 spell levels left.
You knew the following spells:

 Your Spells              Type           Power      Damage    Failure   Level
a - Slow                  Hex            52%        N/A       4%          1
b - Portal Projectile     Hex/Tloc       26%        N/A       14%         3

Your spell library contained the following spells:

 Spells                   Type           Power      Damage    Failure   Level
 Gell's Gravitas          Tloc           13%        N/A       14%         3
 Teleport Other           Tloc           13%        N/A       14%         3
 Ensorcelled Hibernation  Hex/Ice        14%        N/A       16%         2
 Inner Flame              Hex/Fire       7%         N/A       30%         3
 Passwall                 Tmut/Erth      0%         N/A       34%         2
 Cause Fear               Hex            6%         N/A       41%         4
 Swiftness                Air            1%         N/A       56%         3
 Dispersal                Tloc           6%         N/A       100%        6


Dungeon Overview and Level Annotations

Branches:
Dungeon (5/15)
 Temple: D:4-7

Altars:
Ashenzari
Hepliaklqana
Kikubaaqudgha
Yredelemnul

Shops:
D:4 [

Annotations:
D:5 1 runed translucent door


Innate Abilities, Weirdness & Mutations

You are very small and have problems with some larger weapons.
You are too small for most types of armour.
You have supernaturally acute eyesight. (SInv)
You cover ground extremely quickly. (Speed+++)


Message History

You shoot a sling bullet.
The sling bullet hits the orc priest but does no damage.
You shoot a sling bullet. The sling bullet hits the orc priest.
The orc priest is moderately wounded.
You shoot a sling bullet.
The sling bullet closely misses the orc priest.
The orc priest calls down the wrath of Beogh upon you.
Pain shoots through your body!
You shoot a sling bullet.
The sling bullet barely misses the orc priest.
You shoot a sling bullet.
The sling bullet hits the orc priest but does no damage.
The orc priest is moderately wounded.
The orc priest closely misses you.
You shoot a sling bullet. The sling bullet hits the orc priest.
The orc priest is moderately wounded.
The orc priest completely misses you.
You shoot a sling bullet.
The sling bullet barely misses the orc priest.
The orc priest looks encouraged for a moment.
You shoot a sling bullet. The sling bullet hits the orc priest.
The orc priest is heavily wounded.
The orc priest closely misses you.
The orc priest hits you from afar with a +0 trident.
You shoot a sling bullet.
The sling bullet barely misses the orc priest.
The orc priest closely misses you.
You shoot a sling bullet. The sling bullet hits the orc priest.
The orc priest is severely wounded.
The orc priest invokes the aid of Beogh against you.
Beogh smites you!
You are too injured to fight recklessly!
Fire: a) +1 sling
Press: ? - help, Q - select action, (/) - cycle Shift-Dir - straight line, f/p - orc priest
Aim: an orc priest, wielding a +0 trident and wearing a +0 leather armour (severely wounded, 62% to hit)
You shoot a sling bullet.
The sling bullet barely misses the orc priest.
The orc priest calls down the wrath of Beogh upon you.
Beogh smites you!
You die...

#.# #.#...###.##.........
#.###.##..###.###.#######
#.................#
#####.##.####.#####
#.##.# #.# #.##.####.#
#.........# ####.######
#@# #.# #o# #.# ... .....
...## .)... #.# # #..#


You could see an orc priest.

Vanquished Creatures
  An orc warrior (D:3)
  A phantom (D:5)
  A kobold brigand (D:4)
  A scorpion (D:4)
  2 hounds (D:4)
  2 jellies (D:5)
  Terence (D:2)
  4 orcs
  8 bats
  A bat zombie (D:3)
  7 endoplasms
  2 giant cockroaches
  6 goblins
  4 hobgoblins
  7 jackals
  27 kobolds
  5 quokkas
  9 ball pythons
  3 frilled lizards
  4 rats
  A rat zombie (D:3)
97 creatures vanquished.

Vanquished Creatures (others)
  66 plants (D:4)
66 creatures vanquished.

Grand Total: 163 creatures vanquished

Notes
Turn   | Place    | Note
-------+----------+-------------------------------------------
     0 | D:1      | LustLizard the Spriggan Arcane Marksman began the quest for
                  | the Orb.
     0 | D:1      | Reached XP level 1. HP: 9/9 MP: 3/3
    59 | D:1      | Reached skill level 1 in Stealth
    74 | D:1      | Reached XP level 2. HP: 7/14 MP: 5/5
   360 | D:1      | Reached skill level 1 in Fighting
   360 | D:1      | Reached skill level 2 in Stealth
   458 | D:1      | Found a faded altar of an unknown god.
   830 | D:2      | Reached XP level 3. HP: 18/18 MP: 6/6
   844 | D:2      | Noticed Terence
   886 | D:2      | Killed Terence
   887 | D:2      | Reached skill level 3 in Stealth
  1072 | D:2      | Reached XP level 4. HP: 22/22 MP: 7/7
  1240 | D:2      | Found a broken altar of Ashenzari.
  1579 | D:3      | Found a hazy altar of Hepliaklqana.
  1742 | D:3      | Found a broken altar of Ashenzari.
  1875 | D:3      | Learned a level 3 spell: Portal Projectile
  2024 | D:3      | Noticed an orc warrior
  2191 | D:3      | Killed an orc warrior
  2192 | D:3      | Reached skill level 4 in Stealth
  2192 | D:3      | Reached skill level 1 in Evocations
  2192 | D:3      | Reached XP level 5. HP: 18/26 MP: 8/8
  2362 | D:3      | Found an ancient bone altar of Kikubaaqudgha.
  3227 | D:5      | Entered Level 5 of the Dungeon
  3418 | D:5      | Reached XP level 6. HP: 30/30 MP: 9/9
  3431 | D:5      | Found a runed translucent door.
  3432 | D:5      | Noticed a human
  3433 | D:5      | Found a basalt altar of Yredelemnul.
  3949 | D:4      | Reached skill level 5 in Stealth
  4446 | D:4      | Found Cadmus's Dragon-Slaying Spoils.
  4866 | D:5      | Reached XP level 7. HP: 28/35 MP: 10/10
  4889 | D:5      | Killed from afar by an orc priest

Illustrated notes

Levels and vault maps discovered:
D:1:      lightli_molten_gateway, layout_basic,
          shapermc_ecumenical_altar_notcrosses
D:2:      layout_loops_ring, basic_altar, uniq_terence
D:3:      layout_loops_cross, lemuel_zombie_altar_kikubaaqudgha,
          nzn_hepliaklqana_mist_gate, ashenzari_conservatory_becter
D:4:      kennysheep_kobold_camp, layout_basic, nicolae_shop_dragon_depot
D:5:      layout_loops_corners, dk_yredelemnul_ordeal

Skill      XL: |  1  2  3  4  5  6 |
---------------+-------------------+-----
Stealth        | 1 2 3 4 5 |  5.9
Hexes          | 4 |  4.0
Fighting       | 1 2 |  2.1
Ranged Weapons | 3 4 |  4.2
Translocations | 2 3 4 |  4.0
Evocations     | 1 2 3 |  3.4
Dodging        | |  2.6
Spellcasting   | |  1.3

Action                   |  1- 3 |  4- 6 |  7- 9 || total
-------------------------+-------+-------+-------++-------
 Fire: Sling             |    94 |   259 |    13 ||   366
 Cast: Slow              |     3 |    16 |       ||    19
  Use: Scroll            |     1 |     1 |       ||     2
Armor: Robe              |     7 |     7 |       ||    14
Dodge: Dodged            |    27 |    70 |     4 ||   101
